 Dungeon Crawl Stone Soup version 0.29-a0-472-ge5599a681e (webtiles) character file.

Game seed: 10899591234733841552

30 bladeefan the Skirmisher (level 3, 0/23 HPs)
             Began as a Gargoyle Monk on May 22, 2022.
             Slain by an orc
             ... wielding a +0 falchion
              (6 damage)
             ... on level 2 of the Dungeon.
             The game lasted 00:02:06 (1878 turns).

bladeefan the Skirmisher (Gargoyle Monk)            Turns: 1878, Time: 00:02:07

Health: 0/23       AC: 11    Str: 15 (16) XL:     3   Next: 18%
Magic:  3/3        EV:  9    Int:  8 (10) God:
Gold:   27         SH:  0    Dex: 10 (12) Spells: 2/2 levels left

rFire   . . .      SeeInvis .   a - +0 mace
rCold   . . .      Faith    .   (no shield)
rNeg    + . .      Spirit   .   b - +2 scale mail
rPois   ∞          Reflect  .   (no helmet)
rElec   +          Harm     .   (no cloak)
rCorr   .          Rampage  .   (no gloves)
Will    .....                   (no boots)
Stlth   +.........              (no amulet)
HPRegen 0.07/turn               (no ring)
MPRegen 0.08/turn               (no ring)

@: no status effects
A: sickness immunity, AC +3, negative energy resistance 1, electricity
resistance, torment resistance 1, petrification resistance
a: no special abilities


You were on level 2 of the Dungeon.
You visited 1 branch of the dungeon, and saw 2 of its levels.

You collected 27 gold pieces.

Inventory:

Hand Weapons
 a - a +0 mace (weapon)
Armour
 b - a +2 scale mail (worn)
   (You found it on level 1 of the Dungeon)
Scrolls
 e - a scroll of enchant weapon {unknown}
 g - a scroll of fear {unknown}
 h - a scroll of immolation {unknown}
 i - a scroll of noise {unknown}
 j - a scroll of amnesia {unknown}
Potions
 c - a potion of ambrosia
 f - a potion of haste {unknown}


   Skills:
 + Level 3.5 Fighting
 * Level 3.5 Maces & Flails
 + Level 2.6 Dodging
 + Level 2.7 Stealth


You had 2 spell levels left.
You didn't know any spells.
Your spell library was empty.

Dungeon Overview and Level Annotations

Branches:
Dungeon (2/15)

Altars:


Innate Abilities, Weirdness & Mutations

You are immune to sickness and miasma.
Your stone body is resilient. (AC +3)
You are immune to poison.
You resist negative energy. (rN+)
You are resistant to electric shocks. (rElec)
You are resistant to unholy torment.
You are immune to petrification.


Message History

No target in view!
No target in view!
No target in view!
No target in view!
No target in view!
No target in view!
No target in view!
No target in view!
No target in view!
No target in view!
No target in view!
No target in view!
Key pressed, stopping explore.
Key pressed, stopping explore.
Key pressed, stopping explore.
Key pressed, stopping explore.
You see here a +0 robe.
Done exploring.
(D) Dungeon
Where to? (Enter - D:1 @ (x,y), ? - help)
There is a stone staircase leading down here.
You climb downwards.
Found a scroll labelled TEURIC UXOANO and a bubbling grey potion.
There is a stone staircase leading up here.
j - a scroll labelled TEURIC UXOANO
k - a bubbling grey potion A kobold comes into view.
It is wielding a +3 whip of venom.
The kobold shouts!
You hear a shout!
An orc comes into view. It is wielding a +0 falchion.
An orc comes into view. It is wielding a +0 flail.
You hear a shout!
The orc shouts! x2
There are monsters nearby!
As you read the scroll labelled PESHRA ZUROQUTT, it crumbles to dust.
It is a scroll of enchant armour.
Your +0 scale mail glows green for a moment.
As you read the scroll of enchant armour, it crumbles to dust.
Your +1 scale mail glows green for a moment.
An orc priest comes into view. It is wielding a +0 club.
The kobold hits you with a +3 whip of venom.
You sock the kobold!
You kill the kobold!
The orc priest mumbles some strange prayers to Beogh against you.
Beogh smites you!
Ouch! That really hurt!
* * * LOW HITPOINT WARNING * * *
It was a potion of degeneration.
There was something very wrong with that liquid.
You feel weakened.
You feel dopey.
You feel clumsy. The orc hits you with a +0 falchion.
You die...

#..###
#....
#..o#
#...#
#...#
#o#
#.#
#o#
#@#
#.#
#.#
#<#
#.#
#.#
#.#
#.#
#.#


You could see an orc priest and 2 orcs.

Vanquished Creatures
  A dart slug (D:1)
  2 endoplasms (D:1)
  2 giant cockroaches (D:1)
  2 hobgoblins (D:1)
  4 jackals (D:1)
  6 kobolds
  A quokka (D:1)
  A ball python (D:1)
  2 bats (D:1)
  A frilled lizard (D:1)
  2 goblins (D:1)
  2 rats (D:1)
26 creatures vanquished.

Notes
Turn   | Place    | Note
-------+----------+-------------------------------------------
     0 | D:1      | bladeefan the Gargoyle Monk began the quest for the Orb.
     0 | D:1      | Reached XP level 1. HP: 14/14 MP: 1/1
   596 | D:1      | Reached XP level 2. HP: 12/19 MP: 2/2
  1435 | D:1      | Reached XP level 3. HP: 19/23 MP: 3/3
  1878 | D:2      | Slain by an orc

Illustrated notes

Levels and vault maps discovered:
D:1:      minmay_arrival_widening_spiral_narrow, layout_basic,
          patterned_corridor
D:2:      layout_loops_ring, basic_altar,
          dreamdust_ecumenical_altar_drowned_temple

Action                   || total
-------------------------++-------
Melee: Mace              ||    90
  Use: Scroll            ||     2
       Potion            ||     1
Armor: Scale mail        ||    56
       Ring mail         ||     3
Dodge: Dodged            ||    47

Table legend: (Time is in decaauts)
 A = Elapsed time spent in this place.
 B = Non-inter-level travel time spent in this place.
 C = Inter-level travel time spent in this place.
 D = Time resting spent in this place.
 E = Time spent auto-exploring this place.
 F = Levels seen in this place.
 G = Mean time per level.
                   A        B        C        D        E       F      G
               +--------+--------+--------+--------+--------+-----+--------+
         Total |   1900 |   1838 |     62 |    248 |   1303 |   2 |  950.0 |
       Dungeon |   1900 |   1838 |     62 |    248 |   1303 |   2 |  950.0 |
               +--------+--------+--------+--------+--------+-----+--------+

Top non-repeatable levels by time:
     D:1: 1881 daAuts
     D:2: 18 daAuts
